 Dungeon Crawl Stone Soup version 0.26.0-20-g3ca415f5b8 (webtiles) character file.

Game seed: 2288187189319913922

198 RaHiT the Sneak (level 5, 0/36 HPs)
             Began as an Octopode Delver on Jan 24, 2021.
             Slain by a gnoll
             ... wielding a +2 whip of freezing
              (11 damage)
             ... on level 2 of the Dungeon.
             The game lasted 00:11:21 (1651 turns).

RaHiT the Sneak (Octopode Delver)                   Turns: 1651, Time: 00:11:22

Health: 0/36       AC:  1    Str: 11    XL:     5   Next: 77%
Magic:  6/6        EV: 15    Int: 14    God:
Gold:   141        SH:  0    Dex: 13    Spells: 5/6 levels left

rFire    . . .     SeeInvis .     - Unarmed
rCold    . . .     Faith    .   (no shield)
rNeg     . . .     Spirit   .   (helmet restricted)
rPois    .         Reflect  .   (no amulet)
rElec    .         Harm     .   (no ring)
rCorr    .         Rampage  .   (no ring)
Will     .....                  (no ring)
Stlth    ++++......             (no ring)
HPRegen  0.12/turn              (no ring)
MPRegen  0.10/turn              (no ring)
                                (no ring)
                                (no ring)

@: no status effects
A: almost no armour, stealthy swim, amphibious, 8 rings, constrict 8, camouflage
1, gelatinous body 1
a: no special abilities


You were on level 2 of the Dungeon.
You visited 1 branch of the dungeon, and saw 5 of its levels.

You collected 141 gold pieces.

Inventory:

Missiles
 f - 32 stones
 g - 7 boomerangs (quivered)
 p - 18 bolts
Wands
 e - a wand of digging (3)
Scrolls
 a - a scroll of fog
 b - a scroll of magic mapping
 c - 2 scrolls of fear
 h - 3 scrolls of remove curse {unknown}
 k - a scroll of enchant armour {unknown}
 l - 3 scrolls of identify {unknown}
 n - a scroll of teleportation {unknown}
 q - a scroll of amnesia {unknown}
Potions
 d - a potion of haste
 i - a potion of heal wounds {unknown}
 j - a potion of magic {unknown}
 m - a potion of invisibility {unknown}
 o - 2 potions of curing {unknown}
 r - a potion of attraction {unknown}


   Skills:
 - Level 3.0 Fighting
 * Level 1.7 Throwing
 - Level 4.0 Dodging
 - Level 7.0 Stealth
 - Level 3.0 Unarmed Combat
 - Level 1.0 Spellcasting
 + Level 1.6 Evocations


You had 5 spell levels left.
You knew the following spells:

 Your Spells              Type           Power        Failure   Level
a - Corona                Hex            0%           26%         1

Your spell library contained the following spells:

 Spells                   Type           Power        Failure   Level
 Ensorcelled Hibernation  Hex/Ice        0%           36%         2
 Confusing Touch          Hex            0%           61%         3
 Dazzling Flash           Conj/Hex       0%           61%         3
 Tukima's Dance           Hex            0%           61%         3


Dungeon Overview and Level Annotations

Branches:
Dungeon (5/15)
 Temple: D:4-7

Altars:

Annotations:
D:4 3 runed translucent doors, exclusion: lemure, Alannah's ghost, novice MfGl
D:5 1 transporter, aloneDruid's ghost, novice DDEE


Innate Abilities, Weirdness & Mutations

You cannot wear most types of armour.
You are very stealthy in the water. (Stealth+)
You are amphibious.
You can wear up to eight rings at the same time.
You can use your tentacles to constrict eight enemies at once.
Your skin changes colour to match your surroundings (Stealth+).
Your rubbery body absorbs attacks. (AC +1, EV +1)


Message History

The gnoll is severely wounded.
The gnoll misses you.
You barely miss the gnoll. You grab the gnoll. You squeeze the gnoll.
You kill the gnoll!
You tentacle-slap the gnoll. Your grab misses the gnoll.
The gnoll is moderately wounded.
The gnoll barely misses you.
You tentacle-slap the gnoll but do no damage.
You grab the gnoll.
The gnoll is moderately wounded.
You constrict the gnoll, but do no damage.
The gnoll closely misses you.
You barely miss the gnoll.
The gnoll is moderately wounded.
You constrict the gnoll. The gnoll closely misses you.
You tentacle-slap the gnoll.
The gnoll is severely wounded.
You constrict the gnoll.
The gnoll hits you with a +2 whip of freezing!
You die...

#........#
#.######.#
#.######.# ### ###
#.##.....# ##.##...
#.##.##..# ##...#.#
#.##.##..####......#
##
#.##.##............#
..
#........######.####
#. #........## #@#
###.# #.##......#
#g# .... #.##..###.#
#'# #.. #.##..# #.#
... #####..##
#.....###.# .....
#......>.
#####.....# .......
.......#.
##....###.........
#...##.#.
#.......+.........+
.........
##....###.........#
#......#.


You could see a gnoll.

Vanquished Creatures
  A hound (D:4)
  An orc priest (D:4)
  An orc wizard (D:4)
  A hound skeleton (D:4)
  5 gnolls
  An ooze (D:1)
  An adder skeleton (D:2)
  A dart slug (D:1)
  3 orcs (D:4)
  3 ball pythons
  5 bats
  A giant cockroach (D:1)
  2 goblins (D:1)
  6 hobgoblins
  A jackal (D:2)
  A quokka skeleton (D:4)
  10 rats
44 creatures vanquished.

Notes
Turn   | Place    | Note
-------+----------+-------------------------------------------
     0 | D:5      | RaHiT the Octopode Delver began the quest for the Orb.
     0 | D:5      | Reached XP level 1. HP: 16/16 MP: 1/1
    51 | D:5      | Found a transporter.
    51 | D:5      | Noticed aloneDruid's ghost (novice DDEE)
    64 | D:5      | Noticed a centaur
    68 | D:4      | Found a runed translucent gate.
    68 | D:4      | Found a runed translucent gate.
    71 | D:4      | Found a runed translucent gate.
    81 | D:4      | Noticed a hound
    87 | D:4      | Killed a hound
    88 | D:4      | Reached skill level 7 in Stealth
    88 | D:4      | Reached XP level 2. HP: 9/21 MP: 2/2
    88 | D:4      | Reached XP level 3. HP: 11/26 MP: 3/3
   156 | D:4      | Noticed a lemure
   156 | D:4      | Noticed a lemure
   259 | D:4      | Noticed Alannah's ghost (novice MfGl)
   295 | D:4      | Reached XP level 4. HP: 30/31 MP: 4/4
   330 | D:4      | Reached skill level 1 in Spellcasting
   546 | D:1      | Reached XP level 5. HP: 36/36 MP: 6/6
   579 | D:1      | Reached skill level 1 in Evocations
   906 | D:1      | Reached skill level 1 in Throwing
  1393 | D:2      | Learned a level 1 spell: Corona
  1651 | D:2      | Slain by a gnoll

Illustrated notes

Levels and vault maps discovered:
D:1:      saegor_arrival_simple_b, layout_rooms, serial_aquarium,
          aquarium_bridge_square [aquarium_subvault_wall,
          aquarium_subvault_bridge, aquarium_subvault_bridge,
          aquarium_subvault_bridge], aquarium_window_fake, aquarium_window_fake,
          aquarium_window_1, aquarium_view_2f, aquarium_view_2b
D:2:      cheibrodos_helix_gallery, layout_loops_corners, minivault_24
D:3:      layout_rooms, tso_oasis_becter, gammafunk_temple_overflow_statue,
          gammafunk_ghost_mausoleum, st_stairs_6, serial_park_tiny_1
D:4:      layout_loops_ring, lemuel_crystal_altar, gammafunk_ghost_necromancy,
          uniq_pikel, uniq_ijyb, uniq_edmund
D:5:      layout_basic, minmay_temple_entry_antechambers,
          gammafunk_ghost_mausoleum, grunt_dithmenos_smoke_and_mirrors,
          uniq_blork_the_orc

Skill      XL: |  1  2  3  4  5 |
---------------+----------------+-----
Stealth        | 7 |  7.0
Dodging        | 3 4 |  4.0
Unarmed Combat | 3 |  3.0
Spellcasting   | 1 |  1.0
Evocations     | 1 |  1.6
Throwing       | 1 |  1.7
Fighting       | |  3.0

Action                   |  1- 3 |  4- 6 || total
-------------------------+-------+-------++-------
Melee: Unarmed           |    16 |    99 ||   115
       Constrict         |     5 |    28 ||    33
       Tentacles         |     3 |    19 ||    22
Throw: Boomerang         |       |     3 ||     3
 Stab: Sleeping          |     3 |     7 ||    10
Armor: Skin              |     1 |     5 ||     6
Dodge: Dodged            |    11 |    70 ||    81
